 Dungeon Crawl Stone Soup version 0.28.0-53-g5a82cb258f (webtiles) character file.

Game seed: 11416155966306879558

11328 Ashen the Chiller (level 11, -16/84 HPs)
             Began as a Demonspawn Ice Elementalist on July 13, 2022.
             Was a Priest of Vehumet.
             Killed from afar by an oklob plant (17 damage)
             ... with a splash of acid
             ... on level 11 of the Dungeon.
             The game lasted 00:32:22 (11638 turns).

Ashen the Chiller (Demonspawn Ice Elementalist)    Turns: 11638, Time: 00:32:31

Health: -16/84     AC: -6    Str:  8    XL:     11   Next: 47%
Magic:  0/21       EV: 12    Int: 21    God:    Vehumet [***...]
Gold:   145        SH: 13    Dex: 14    Spells: 9/24 levels left

rFire   x . .      SeeInvis +   A - +3 falchion (elec)
rCold   . . .      Faith    .   E - +0 kite shield
rNeg    . . .      Spirit   .   F - +3 troll leather armour
rPois   +          Reflect  .   (helmet unavailable)
rElec   .          Harm     .   (no cloak)
rCorr   .          Rampage  .   (no gloves)
Will    .....                   C - +0 pair of boots
Stlth   +++.......              k - amulet of Psychosis {RegenMP +Blink +Inv rF- Regen+}
HPRegen 1.84/turn               g - +4 ring of slaying
MPRegen 0.57/turn               b - ring of poison resistance

@: corroded, very slightly contaminated
A: antennae 3, thin metallic scales 1, powered by death 1, condensation shield
a: Renounce Religion, Evoke Blink, Evoke Invisibility


You were on level 11 of the Dungeon.
You worshipped Vehumet.
Vehumet was most pleased with you.
You visited 2 branches of the dungeon, and saw 12 of its levels.

You collected 649 gold pieces.
You spent 504 gold pieces at shops.

Inventory:

Hand Weapons
 n - a +2 war axe of draining
 r - a +1 whip of venom
 A - a +3 falchion of electrocution (weapon)
Missiles
 l - 2 throwing nets
Armour
 C - a +0 pair of boots (worn)
 E - a +0 kite shield (worn)
 F - a +3 troll leather armour (worn)
Jewellery
 b - a ring of poison resistance (right hand)
 d - a +6 ring of strength
 g - a +4 ring of slaying (left hand)
 k - the amulet of Psychosis (around neck) {RegenMP +Blink +Inv rF- Regen+}
   (You acquired it on level 7 of the Dungeon)

   [amulet of magic regeneration]

   It increases your rate of magic regeneration.
   rF:        It makes you vulnerable to fire.
   +Inv:      It lets you turn invisible.
   +Blink:    It lets you blink.
   Regen:     It increases your rate of health regeneration.
 o - a +6 ring of intelligence
 q - a +4 ring of protection
 D - a ring of protection from cold
Wands
 c - a wand of iceblast (18)
 s - a wand of polymorph (8)
 v - a wand of mindburst (29)
 w - a wand of charming (7)
 B - a wand of acid (13)
Scrolls
 f - 2 scrolls of fog
 i - 3 scrolls of immolation
 m - a scroll of blinking {unknown}
 p - a scroll of holy word
 t - a scroll of silence {unknown}
 x - 5 scrolls of teleportation
 y - a scroll of summoning {unknown}
 G - 2 scrolls of noise {unknown}
 H - 5 scrolls of identify
 I - a scroll of brand weapon {unknown}
 K - a scroll of amnesia
 M - 2 scrolls of enchant weapon
 N - a scroll of fear
Potions
 a - a potion of invisibility {unknown}
 e - a potion of attraction
 h - 2 potions of brilliance
 j - 2 potions of haste {unknown}
 u - 4 potions of curing {unknown}
 z - 2 potions of berserk rage {unknown}
 J - a potion of lignification {unknown}


   Skills:
 + Level 7.5 Fighting
 + Level 7.1 Dodging
 + Level 7.8 Stealth
 + Level 4.3 Shields
 + Level 7.3 Spellcasting
 + Level 4.8 Conjurations
 + Level 7.9 Ice Magic


You had 9 spell levels left.
You knew the following spells:

 Your Spells              Type           Power      Damage    Failure   Level
a - Freeze                Ice            100%       1d11      1%          1
b - Frozen Ramparts       Ice            82%        1d10      1%          3
c - Ozocubu's Armour      Ice            41%        N/A       4%          3
d - Hailstorm             Conj/Ice       34%        3d9       7%          4
e - Sticky Flame          Conj/Fire      17%        2d4       32%         4

Your spell library contained the following spells:

 Spells                   Type           Power      Damage    Failure   Level
 Shock                    Conj/Air       68%        1d7       4%          1
 Sandblast                Erth           14%        2d6       11%         1
 Ensorcelled Hibernation  Hex/Ice        48%        N/A       11%         2
 Dazzling Flash           Conj/Hex       34%        N/A       11%         3
 Stone Arrow              Conj/Erth      34%        3d9       11%         3
 Scorch                   Fire           14%        2d6       16%         2
 Flame Wave               Conj/Fire      17%        2d6       32%         4
 Fulminant Prism          Conj/Hex       8%         3d7       32%         4
 Animate Skeleton         Necr           14%        N/A       36%         1
 Apportation              Tloc           14%        N/A       36%         1
 Summon Small Mammal      Summ           28%        N/A       36%         1
 Passwall                 Tmut/Erth      5%         N/A       50%         2
 Airstrike                Air            3%         N/A       63%         4
 Portal Projectile        Hex/Tloc       14%        N/A       73%         3
 Spider Form              Tmut/Pois      7%         N/A       73%         3
 Swiftness                Air            7%         N/A       73%         3
 Metabolic Englaciation   Hex/Ice        12%        N/A       89%         5
 Anguish                  Hex/Necr       3%         N/A       98%         4
 Agony                    Necr           7%         N/A       100%        5
 Blade Hands              Tmut           3%         N/A       100%        5
 Excruciating Wounds      Necr           3%         N/A       100%        5
 Silence                  Hex/Air        3%         N/A       100%        5
 Simulacrum               Ice/Necr       12%        N/A       100%        6
 Summon Cactus Giant      Summ           3%         N/A       100%        6
 Disjunction              Tloc           3%         N/A       100%        8


Dungeon Overview and Level Annotations

Branches:
Dungeon (11/15)            Temple (1/1) D:4            Lair (0/6) D:11
    Orc (0/2) D:11

Altars:
Ashenzari
Cheibriados
Dithmenos
Elyvilon
Fedhas
Gozag
Hepliaklqana
Kikubaaqudgha
Makhleb
Nemelex Xobeh
Okawaru
Qazlal
Ru
Sif Muna
Trog
Uskayaw
Vehumet
Wu Jian
Xom
Yredelemnul
Zin
The Shining One

Shops:
D:10 !?[(

Annotations:
D:8 Erica
D:11 exclusion: 2 oklob plants


Innate Abilities, Weirdness & Mutations

You have a pair of large antennae on your head. (SInv)
You are partially covered in thin metallic scales. (AC +2)
You regenerate a little health from kills.
A meltable shield of frost defends you. (SH +4)


Message History

The hail pelts the oklob plant.
The oklob plant is moderately damaged.
The hail pelts the plant!
The plant is moderately damaged.
Casting: Hailstorm (dangerous; 7% risk of failure)
Confirm with . or Enter, or press ? or * to list all spells.
Casting: Hailstorm (dangerous; 7% risk of failure)
Press: ? - help, Dir - look around, f - activate A cannonade of hail descends around you!
The hail pelts the oklob plant!
The oklob plant is severely damaged.
The hail pelts the plant!!
The plant is moderately damaged.
The hail pelts the plant!
The plant is moderately damaged.
The hail pelts the oklob plant!
The oklob plant is heavily damaged.
The hail pelts the plant!!
The plant is moderately damaged.
A nearby plant withers and dies. x3
The oklob plant spits acid at you. The splash of acid hits you!!
The acid corrodes you! The oklob plant spits acid at you.
The splash of acid hits you!! The acid corrodes you!
Casting: Hailstorm (dangerous; 7% risk of failure)
Confirm with . or Enter, or press ? or * to list all spells.
Casting: Hailstorm (dangerous; 7% risk of failure)
Press: ? - help, Dir - look around, f - activate A cannonade of hail descends around you!
The hail pelts the oklob plant!
The oklob plant is almost destroyed.
The hail pelts the oklob plant.
The oklob plant is heavily damaged.
The oklob plant spits acid at you. The splash of acid hits you!!!
* * * LOW HITPOINT WARNING * * *
The acid corrodes you! The oklob plant spits acid at you.
The splash of acid hits you!
You die...

######.# #.#.........
###. # #.# #.#.########
#####.######.#.##
#............#..########
#..##.########..........
###.##.# #....###...
.#..##.# #.#...≈...#
#..###.# ##..#...#..
....##.# #@##.P.#
#...##.# #..P.PP..
..####.# #≈...>P..≈
#.#.# #..P.PP... ...#
#.##P.P##. #..# #.. ...#
#.#.# .#. ≈... ###.# . .
##.. .# .#


You could see 2 oklob plants.

Vanquished Creatures
  An ogre mage (D:10)
  3 two-headed ogres
  3 deep elf pyromancers (D:10)
  A cyclops (D:11)
  3 trolls
  Prince Ribbit (D:7)
  A hornet (D:9)
  Sigmund (D:5)
  A vampire (D:10)
  2 wyverns (D:10)
  4 yaks (D:9)
  5 shadows
  Eustachio (D:5)
  A water moccasin (D:8)
  An acid dragon (D:6)
  Duvessa (D:5)
  2 orc warriors (D:10)
  An ice beast (D:6)
  2 sky beasts (D:6)
  An ogre (D:5)
  4 phantoms
  A centaur (D:11)
  2 kobold brigands
  5 bullfrogs
  A gnoll sergeant (D:7)
  Dowan (D:5)
  2 troll zombies (D:11)
  9 killer bees
  A bullfrog zombie (D:5)
  A hound (D:7)
  5 centaur zombies
  2 jellies
  5 orc priests
  A centaur skeleton (D:5)
  2 iguanas (D:5)
  6 orc wizards
  2 killer bee zombies
  A centaur simulacrum (D:9)
  4 ogre zombies (D:11)
  2 howler monkey zombies
  7 gnolls
  11 adders
  A shadow imp (D:8)
  A white imp (D:7)
  An ufetubus (D:4)
  4 worms
  A dart slug (D:2)
  22 orcs
  6 endoplasms
  3 giant cockroaches (D:3)
  4 goblins
  4 hobgoblins
  11 jackals
  2 quokkas
  3 ball pythons
  8 bats
  A frilled lizard (D:2)
  4 hobgoblin skeletons (D:11)
  6 hobgoblin zombies (D:11)
  14 kobolds
  An orc skeleton (D:11)
  6 orc zombies (D:11)
  6 rats
220 creatures vanquished.

Vanquished Creatures (others)
  2 fungi (D:3)
  4 plants
6 creatures vanquished.

Grand Total: 226 creatures vanquished

Notes
Turn   | Place    | Note
-------+----------+-------------------------------------------
     0 | D:1      | Ashen the Demonspawn Ice Elementalist began the quest for
                  | the Orb.
     0 | D:1      | Reached XP level 1. HP: 13/13 MP: 3/3
    87 | D:1      | Found a faded altar of an unknown god.
   570 | D:1      | Gained mutation: You regenerate a little health from kills.
                  | [demonic ancestry]
   570 | D:1      | Reached XP level 2. HP: 20/20 MP: 5/5
  1216 | D:2      | Reached skill level 1 in Fighting
  1217 | D:2      | Reached XP level 3. HP: 26/26 MP: 3/6
  1222 | D:2      | Learned a level 3 spell: Frozen Ramparts
  1269 | D:2      | You fall into a shaft and drop 1 floor!
  1797 | D:3      | Found a shimmering altar of Xom.
  1848 | D:3      | Gained mutation: You have a pair of small antennae on your
                  | head. [demonic ancestry]
  1848 | D:3      | Reached XP level 4. HP: 28/32 MP: 4/7
  2741 | D:2      | Gained mutation: You are partially covered in thin metallic
                  | scales. (AC +2) [demonic ancestry]
  2741 | D:2      | Reached XP level 5. HP: 36/38 MP: 4/9
  3428 | D:4      | Found a staircase to the Ecumenical Temple.
  4061 | D:4      | Found a hazy altar of Hepliaklqana.
  4338 | Temple   | Entered the Ecumenical Temple
  4520 | Temple   | Became a worshipper of Vehumet
  4589 | D:5      | Entered Level 5 of the Dungeon
  4607 | D:5      | Noticed a phantom
  4623 | D:4      | Learned a level 3 spell: Ozocubu's Armour
  4637 | D:5      | Killed a phantom
  4638 | D:5      | Reached XP level 6. HP: 40/46 MP: 7/10
  4692 | D:5      | Found a sparkling altar of Nemelex Xobeh.
  4947 | D:5      | Noticed Duvessa
  4947 | D:5      | Noticed Dowan
  4947 | D:5      | Noticed Sigmund
  4976 | D:5      | Noticed Eustachio
  5084 | D:5      | Killed Eustachio
  5085 | D:5      | Reached XP level 7. HP: 52/52 MP: 3/12
  5546 | D:5      | Got Lishrin's Almanac of Dislocated Beguiling
  5552 | D:5      | Learned a level 4 spell: Hailstorm
  5622 | D:5      | Found a sacrificial altar of Ru.
  5802 | D:5      | Found a snail-covered altar of Cheibriados.
  5961 | D:5      | Reached skill level 5 in Ice Magic
  6336 | D:5      | Killed Duvessa
  6402 | D:6      | Gained mutation: You have a pair of antennae on your head.
                  | [demonic ancestry]
  6402 | D:6      | Reached XP level 8. HP: 52/60 MP: 10/14
  6788 | D:6      | Reached skill level 5 in Stealth
  7189 | D:6      | Reached skill level 5 in Spellcasting
  7191 | D:6      | Reached * piety under Vehumet
  7191 | D:6      | Offered knowledge of Foxfire by Vehumet.
  7293 | D:6      | Found a shadowy altar of Dithmenos.
  7311 | D:6      | Reached skill level 5 in Dodging
  7479 | D:5      | Killed Dowan
  7480 | D:5      | Reached skill level 5 in Fighting
  7665 | D:5      | Killed Sigmund
  7666 | D:5      | Gained mutation: You have a pair of large antennae on your
                  | head. (SInv) [demonic ancestry]
  7666 | D:5      | Reached XP level 9. HP: 68/68 MP: 9/16
  7825 | D:7      | Noticed Prince Ribbit
  7841 | D:7      | Killed Prince Ribbit
  8347 | D:7      | Noticed a troll
  8377 | D:7      | Killed a troll
  8378 | D:7      | Reached skill level 1 in Conjurations
  8439 | D:7      | Identified a scroll of acquirement
  8439 | D:7      | Acquired the amulet of Psychosis {RegenMP +Blink +Inv rF-
                  | Regen+}
  8559 | D:7      | Found an ancient bone altar of Kikubaaqudgha.
  8793 | D:8      | Found a broken altar of Ashenzari.
  9117 | D:8      | Noticed Erica
  9386 | D:8      | Noticed a two-headed ogre
  9397 | D:8      | Killed a two-headed ogre
  9398 | D:8      | Reached skill level 1 in Shields
  9860 | D:9      | Noticed a troll
  9870 | D:9      | Killed a troll
  9871 | D:9      | Gained mutation: A meltable shield of frost defends you.
                  | (SH +4) [demonic ancestry]
  9871 | D:9      | Reached XP level 10. HP: 76/76 MP: 16/19
  9886 | D:9      | Paralysed by a hornet for 2 turns
 10043 | D:9      | Reached ** piety under Vehumet
 10043 | D:9      | Offered knowledge of Shock by Vehumet.
 10218 | D:10     | Entered Level 10 of the Dungeon
 10232 | D:10     | Found an ornate altar of the Wu Jian Council.
 10241 | D:10     | Noticed a deep elf pyromancer
 10251 | D:10     | Killed a deep elf pyromancer
 10275 | D:10     | Found Rynuics's Weapon Shoppe.
 10277 | D:10     | Found Tuenaur's Antique Armour Shoppe.
 10317 | D:10     | Found Sumot's Magic Scroll Shoppe.
 10320 | D:10     | Found Zavvot's Distillery.
 10348 | D:10     | Bought a scroll of teleportation for 36 gold pieces
 10348 | D:10     | Bought a scroll of amnesia for 42 gold pieces
 10348 | D:10     | Bought 3 scrolls of enchant armour for 270 gold pieces
 10348 | D:10     | Bought a scroll of enchant weapon for 90 gold pieces
 10348 | D:10     | Bought a scroll of fear for 42 gold pieces
 10348 | D:10     | Bought a scroll of fog for 24 gold pieces
 10405 | D:10     | Noticed a deep elf pyromancer
 10441 | D:10     | Killed a deep elf pyromancer
 10565 | D:10     | Noticed an ogre mage
 10565 | D:10     | Noticed a deep elf pyromancer
 10583 | D:10     | Paralysed by an ogre mage for 3 turns
 10590 | D:10     | Killed an ogre mage
 10594 | D:10     | Killed a deep elf pyromancer
 10595 | D:10     | Reached XP level 11. HP: 48/84 MP: 11/21
 10627 | D:10     | Noticed a two-headed ogre
 10772 | D:10     | Killed a two-headed ogre
 11092 | D:11     | Noticed a two-headed ogre
 11102 | D:11     | Killed a two-headed ogre
 11377 | D:11     | Offered knowledge of Searing Ray by Vehumet.
 11397 | D:11     | Found a staircase to the Orcish Mines.
 11419 | D:11     | Reached *** piety under Vehumet
 11502 | D:11     | Offered knowledge of Sticky Flame by Vehumet.
 11508 | D:11     | Learned a level 4 spell: Sticky Flame
 11628 | D:11     | Found a staircase to the Lair.
 11631 | D:11     | Noticed an oklob plant
 11632 | D:11     | Noticed an oklob plant
 11638 | D:11     | HP: 1/84 [oklob plant/splash of acid (36)]
 11638 | D:11     | Killed from afar by an oklob plant

Illustrated notes

Levels and vault maps discovered:
D:1:      eino_arrival_tree_alley, layout_loops_ring, basic_ecumenical_altar
D:2:      layout_loops_ring, moated_statue
D:3:      layout_loops_ring, mainiacjoe_overflow_boulevard
D:4:      layout_layer_cave, nicolae_hepliaklqana_hazy_memory,
          minmay_temple_entry_wispy
D:5:      layout_loops_ring, mainiacjoe_overflow_small_starburst,
          lemuel_doored_altar, cheibriados_altar_1, uniq_eustachio,
          uniq_duvessa, uniq_sigmund
D:6:      layout_basic, grunt_dithmenos_shadows
D:7:      layout_gridville, mainiacjoe_overflow_alcove_4, uniq_prince_ribbit1
D:8:      layout_loops_corners, nicolae_ashenzari_panopticon,
          serial_bayou_lagoon_a, uniq_erica
D:9:      layout_gridville, amcnicky_altar_gilded, serial_park_tiny_1,
          hangedman_weighted_door
D:10:     layout_cave_pools, mainiacjoe_overflow_24_doors,
          minmay_shop_grid_forest, nicolae_two_hexagons, minmay_bent
D:11:     layout_loops_ring, dpeg_oklobed_lair, zombieorc1_lemuel
Temple:   minmay_temple_bridge_abc

Skill      XL: |  1  2  3  4  5  6  7  8  9 10 11 |
---------------+----------------------------------+-----
Stealth        | 2 3 4 5 6 7 |  7.8
Dodging        | 2 3 4 5 6 7 |  7.1
Fighting       | 1 2 3 5 6 7 |  7.5
Ice Magic      | 4 5 6 7 |  7.9
Spellcasting   | 3 4 5 6 7 |  7.3
Conjurations   | 2 3 4 |  4.8
Shields        | 2 3 4 |  4.3

Action                   |  1- 3 |  4- 6 |  7- 9 | 10-12 || total
-------------------------+-------+-------+-------+-------++-------
Melee: Falchion          |    45 |    74 |   119 |   146 ||   384
       Unarmed           |     3 |       |       |       ||     3
       Whip              |       |     9 |   112 |    66 ||   187
       Punch             |       |       |     9 |       ||     9
 Cast: Freeze            |    34 |    17 |    12 |    16 ||    79
       Frozen Ramparts   |     1 |     8 |    21 |    15 ||    45
       Ozocubu's Armour  |       |     4 |    28 |    16 ||    48
       Hailstorm         |       |       |       |     7 ||     7
Evoke: Wand              |       |       |     3 |     3 ||     6
  Use: Scroll            |       |       |     7 |     3 ||    10
       Potion            |       |       |       |     3 ||     3
 Stab: Sleeping          |     4 |     7 |     2 |     7 ||    20
Armor: Robe              |    17 |    32 |    99 |       ||   148
       Troll leather arm |       |       |    52 |    98 ||   150
Dodge: Dodged            |    46 |    72 |   258 |   120 ||   496
Block: Kite shield       |       |       |     1 |   202 ||   203
